PBL
NEW YORK YANKEES @ SEATTLE MARINERS
05/22/2071
 
TOP OF THE 1ST
New York Yankees batting - Pitching for Seattle Mariners : RHP Martin Davis
Pitching: RHP Martin Davis
Batting: RHB José Guillén 0-0: Ground out 5-3 (Groundball, 56, EV 77.5 MPH)
Batting: LHB Guillermo Rodríguez 0-0: Called Strike
0-1: Called Strike
0-2: Ball
1-2: Ball
2-2: Fly out, F7 (Flyball, 78S, EV 90.6 MPH)
Batting: LHB Anthony Thomas 0-0: Ball
1-0: Ball
2-0: Ball
3-0: Base on Balls
Batting: RHB Matt Marples 0-0: Ground out 5-3 (Groundball, 15, EV 88.8 MPH)
Top of the 1st over - 0 runs, 0 hits, 0 errors, 1 left on base; New York 0 - Seattle 0
BOTTOM OF THE 1ST
Seattle Mariners batting - Pitching for New York Yankees : RHP Ron White
Pitching: RHP Ron White
Batting: LHB Rob Altobelli 0-0: Ball
1-0: Ground out U3 (Groundball, 3, EV 106.9 MPH)
Batting: RHB Ralph Irwin 0-0: Called Strike
0-1: Swinging Strike
0-2: Fly out, F8 (Flyball, 8RXD, EV 85.6 MPH)
Batting: SHB Nathan Martin 0-0: Called Strike
0-1: Fly out, F9 (Line Drive, 9S, EV 92.5 MPH)
Bottom of the 1st over - 0 runs, 0 hits, 0 errors, 0 left on base; New York 0 - Seattle 0
TOP OF THE 2ND
New York Yankees batting - Pitching for Seattle Mariners : RHP Martin Davis
Batting: RHB Wayne Dorsett 0-0: Foul Ball, location: 9LMF
0-1: Foul Ball, location: 2F
0-2: Ground out 6-3 (Groundball, 6, EV 106.3 MPH)
Batting: LHB Guy Donnelly 0-0: Ball
1-0: Ball
2-0: Foul Ball, location: 25F
2-1: Fly out, F9 (Flyball, 9, EV 95.0 MPH)
Batting: RHB José Costello 0-0: Called Strike
0-1: Called Strike
0-2: Ball
1-2: Ball
2-2: Strikes out swinging
Top of the 2nd over - 0 runs, 0 hits, 0 errors, 0 left on base; New York 0 - Seattle 0
BOTTOM OF THE 2ND
Seattle Mariners batting - Pitching for New York Yankees : RHP Ron White
Batting: RHB Mark Taylor 0-0: TRIPLE (Flyball, 89XD, EV 97.5 MPH)
Batting: SHB Pete Williams 0-0: Called Strike
0-1: Foul Ball, location: 3F
0-2: Foul Ball, location: 2F
0-2: Foul Ball, location: 23F
0-2: Strikes out swinging
Batting: RHB Ronald McDonald 0-0: Called Strike
0-1: Ball
1-1: Foul Ball, location: 2F
1-2: Foul Ball, location: 2F
1-2: Ball
2-2: Foul Ball, location: 23FF
2-2: Strikes out swinging
Batting: LHB Adam O'Kearin 0-0: Swinging Strike
0-1: Ball
1-1: Foul Ball, location: 23F
1-2: Ball
2-2: Ball
3-2: Fly out, F9 (Flyball, 9, EV 90.0 MPH)
Bottom of the 2nd over - 0 runs, 1 hit, 0 errors, 1 left on base; New York 0 - Seattle 0
TOP OF THE 3RD
New York Yankees batting - Pitching for Seattle Mariners : RHP Martin Davis
Batting: RHB Chris Anderson 0-0: Ball
1-0: Foul Ball, location: 9LMF
1-1: Ball
2-1: Fly out, F7 (Flyball, 78D, EV 96.9 MPH)
Batting: SHB Tony Aponte 0-0: Ball
1-0: Called Strike
1-1: Foul Ball, location: 3DF
1-2: Ball
2-2: Fly out, F7 (Flyball, 7, EV 91.9 MPH)
Batting: RHB José Guillén 0-0: Ball
1-0: Ball
2-0: Called Strike
2-1: Foul Ball, location: 3DF
2-2: Strikes out swinging
Top of the 3rd over - 0 runs, 0 hits, 0 errors, 0 left on base; New York 0 - Seattle 0
BOTTOM OF THE 3RD
Seattle Mariners batting - Pitching for New York Yankees : RHP Ron White
Batting: RHB Raúl Contreras 0-0: Ball
1-0: Foul Ball, location: 3F
1-1: Foul Ball, location: 2F
1-2: Ground out 5-3 (Groundball, 5L, EV 86.9 MPH)
Batting: LHB Mike Heethe 0-0: Called Strike
0-1: Swinging Strike
0-2: SINGLE (Line Drive, 8RS, EV 109.4 MPH)
Batting: LHB Rob Altobelli 0-0: SINGLE (Line Drive, 8RS, EV 108.8 MPH)
Mike Heethe to second
Batting: RHB Ralph Irwin 0-0: Fly out, F7 (Flyball, 7D, EV 96.9 MPH)
Runner from 2nd tags up, SAFE at 3rd, no throw by LF
Batting: SHB Nathan Martin 0-0: Swinging Strike
0-1: Ball
1-1: Foul Ball, location: 5F
1-2: Ball
2-2: SINGLE (Line Drive, 4M, EV 96.9 MPH)
Mike Heethe scores
Rob Altobelli to second
Batting: RHB Mark Taylor 0-0: Fly out, F9 (Flyball, 89D, EV 90.0 MPH)
Bottom of the 3rd over - 1 run, 3 hits, 0 errors, 2 left on base; New York 0 - Seattle 1
TOP OF THE 4TH
New York Yankees batting - Pitching for Seattle Mariners : RHP Martin Davis
Batting: LHB Guillermo Rodríguez 0-0: SOLO HOME RUN (Flyball, 9D, EV 97.5 MPH), Distance : 376 ft
Batting: LHB Anthony Thomas 0-0: Ball
1-0: Called Strike
1-1: SOLO HOME RUN (Flyball, 7D, EV 100.0 MPH), Distance : 388 ft
Batting: RHB Matt Marples 0-0: Ball
1-0: Foul Ball, location: 2F
1-1: Fly out, F8 (Flyball, 8RM, EV 93.1 MPH)
Batting: RHB Wayne Dorsett 0-0: Called Strike
0-1: Ball
1-1: Called Strike
1-2: Foul Ball, location: 2LF
1-2: Strikes out swinging
Batting: LHB Guy Donnelly 0-0: Ball
1-0: Foul Ball, location: 2F
1-1: Ball
2-1: Fly out, F8 (Flyball, 8RM, EV 90.0 MPH)
Top of the 4th over - 2 runs, 2 hits, 0 errors, 0 left on base; New York 2 - Seattle 1
BOTTOM OF THE 4TH
Seattle Mariners batting - Pitching for New York Yankees : RHP Ron White
Batting: SHB Pete Williams 0-0: Ball
1-0: Called Strike
1-1: Swinging Strike
1-2: Foul Ball, location: 2F
1-2: Strikes out looking
Batting: RHB Ronald McDonald 0-0: Ball
1-0: Swinging Strike
1-1: Ball
2-1: Ball
3-1: Base on Balls
Batting: LHB Adam O'Kearin 0-0: Called Strike
0-1: Foul Ball, location: 2F
0-2: Strikes out looking
Batting: RHB Raúl Contreras 0-0: Ball
1-0: Swinging Strike
1-1: Called Strike
1-2: Ball
2-2: SINGLE (Line Drive, 8LS, EV 93.1 MPH)
Ronald McDonald to second
Batting: LHB Mike Heethe 0-0: Ball
1-0: Called Strike
1-1: Ball
2-1: Fly out, F8 (Line Drive, 8RD, EV 96.9 MPH)
Bottom of the 4th over - 0 runs, 1 hit, 0 errors, 2 left on base; New York 2 - Seattle 1
TOP OF THE 5TH
New York Yankees batting - Pitching for Seattle Mariners : RHP Martin Davis
Batting: RHB José Costello 0-0: Called Strike
0-1: Ground out 5-3 (Groundball, 15, EV 88.8 MPH)
Batting: RHB Chris Anderson 0-0: Ball
1-0: Ball
2-0: Foul Ball, location: 9LMF
2-1: Fly out, F7 (Flyball, 7D, EV 91.9 MPH)
Batting: SHB Tony Aponte 0-0: Ground out 1-3 (Groundball, 13S, EV 71.9 MPH)
Top of the 5th over - 0 runs, 0 hits, 0 errors, 0 left on base; New York 2 - Seattle 1
BOTTOM OF THE 5TH
Seattle Mariners batting - Pitching for New York Yankees : RHP Ron White
Batting: LHB Rob Altobelli 0-0: Swinging Strike
0-1: Ball
1-1: Foul Ball, location: 7LDF
1-2: Strikes out swinging
Batting: RHB Ralph Irwin 0-0: Ball
1-0: Ball
2-0: Ball
3-0: Called Strike
3-1: Base on Balls
Batting: SHB Nathan Martin 0-0: Swinging Strike
0-1: Ball
1-1: Foul Ball, location: 2F
1-2: Strikes out swinging
Batting: RHB Mark Taylor 0-0: Foul Ball, location: 9LSF
0-1: SINGLE (Line Drive, 9LS, EV 105.0 MPH)
Ralph Irwin to second
Batting: SHB Pete Williams 0-0: Ball
1-0: Swinging Strike
1-1: Called Strike
1-2: Foul Ball, location: 5F
1-2: Strikes out swinging
Bottom of the 5th over - 0 runs, 1 hit, 0 errors, 2 left on base; New York 2 - Seattle 1
TOP OF THE 6TH
New York Yankees batting - Pitching for Seattle Mariners : RHP Martin Davis
Batting: RHB José Guillén 0-0: Ball
1-0: Foul Ball, location: 25FF
1-1: Ball
2-1: Called Strike
2-2: Fly out, F6 (Line Drive, 6, EV 65.6 MPH)
Batting: LHB Guillermo Rodríguez 0-0: DOUBLE (Line Drive, 9LM, EV 105.0 MPH)
Batting: LHB Anthony Thomas 0-0: Swinging Strike
0-1: Ball
1-1: SINGLE (Line Drive, 4D, EV 98.8 MPH)
Guillermo Rodríguez to third
Batting: RHB Matt Marples 0-0: Ball
1-0: Swinging Strike
1-1: Called Strike
1-2: Ball
2-2: Strikes out swinging
Batting: RHB Wayne Dorsett 0-0: Ball
1-0: Ball
2-0: Swinging Strike
2-1: Ball
3-1: Base on Balls
Anthony Thomas to second
Batting: LHB Guy Donnelly 0-0: Ball
1-0: Foul Ball, location: 2F
1-1: Called Strike
1-2: Strikes out swinging
Top of the 6th over - 0 runs, 2 hits, 0 errors, 3 left on base; New York 2 - Seattle 1
BOTTOM OF THE 6TH
Seattle Mariners batting - Pitching for New York Yankees : RHP Ron White
Batting: RHB Ronald McDonald 0-0: Ball
1-0: Ball
2-0: DOUBLE (Flyball, 89XD, EV 101.9 MPH)
Batting: LHB Adam O'Kearin 0-0: Ball
1-0: Called Strike
1-1: Called Strike
1-2: Ball
2-2: Ball
3-2: Foul Ball, location: 5SF
3-2: DOUBLE (Line Drive, 78D, EV 109.4 MPH)
Ronald McDonald scores
Pitching: RHP Tyler Long
Batting: RHB Raúl Contreras 0-0: Ground out 6-3 (Groundball, 6, EV 83.8 MPH)
Batting: LHB Mike Heethe 0-0: Foul Ball, location: 7LSF
0-1: Foul Ball, location: 9LDF
0-2: Foul Ball, location: 23F
0-2: Foul Ball, location: 3F
0-2: Ball
1-2: Ball
2-2: Strikes out swinging
Batting: LHB Rob Altobelli 0-0: SINGLE (Line Drive, 9S, EV 93.1 MPH)
Adam O'Kearin to third
Runner from 3rd tries for Home, SAFE, throw by RF to home
Batting: RHB Ralph Irwin 0-0: SINGLE (Line Drive, 56D, EV 110.0 MPH)
Rob Altobelli to second
Runner from 2nd tries for 3rd, SAFE, throw by LF made to third
Batting: SHB Nathan Martin 0-0: Called Strike
0-1: Swinging Strike
0-2: Strikes out swinging
Bottom of the 6th over - 2 runs, 4 hits, 0 errors, 2 left on base; New York 2 - Seattle 3
TOP OF THE 7TH
New York Yankees batting - Pitching for Seattle Mariners : RHP Martin Davis
Batting: RHB José Costello 0-0: Ball
1-0: Ball
2-0: Ground out 4-3 (Groundball, 4, EV 101.3 MPH)
Batting: RHB Chris Anderson 0-0: Called Strike
0-1: Ground out 5-3 (Groundball, 56, EV 93.8 MPH)
Batting: SHB Tony Aponte 0-0: Ball
1-0: Ball
2-0: Called Strike
2-1: Swinging Strike
2-2: Ball
3-2: Strikes out swinging
Top of the 7th over - 0 runs, 0 hits, 0 errors, 0 left on base; New York 2 - Seattle 3
BOTTOM OF THE 7TH
Seattle Mariners batting - Pitching for New York Yankees : RHP Tyler Long
Batting: RHB Mark Taylor 0-0: Called Strike
0-1: Ball
1-1: Ball
2-1: Foul Ball, location: 9LSF
2-2: Ground out 5-3 (Groundball, 56, EV 104.4 MPH)
Batting: SHB Pete Williams 0-0: Ground out 5-3 (Groundball, 56, EV 85.0 MPH)
Batting: RHB Ronald McDonald 0-0: Ball
1-0: Ball
2-0: Ball
3-0: Called Strike
3-1: Foul Ball, location: 2F
3-2: Base on Balls
Batting: LHB Adam O'Kearin 0-0: Ball
1-0: SINGLE (Groundball, 4MD, EV 96.3 MPH)
Ronald McDonald to second
Runner from 2nd tries for 3rd, SAFE, no throw by CF
Batting: RHB Raúl Contreras 0-0: Ball
1-0: Ball
2-0: Foul Ball, location: 2F
2-1: Foul Ball, location: 5FF
2-2: Ball
3-2: Ground out 4-3 (Groundball, 34, EV 92.5 MPH)
Bottom of the 7th over - 0 runs, 1 hit, 0 errors, 2 left on base; New York 2 - Seattle 3
TOP OF THE 8TH
New York Yankees batting - Pitching for Seattle Mariners : RHP Martin Davis
Batting: RHB José Guillén 0-0: Swinging Strike
0-1: SINGLE (Line Drive, 9LM, EV 99.4 MPH)
Batting: LHB Guillermo Rodríguez 0-0: Fielders Choice at 2nd, 6-4 (Groundball, 6, EV 85.6 MPH)
Pitching: LHP Ed Fowler
Pinch Hitting: RHB Bartolo Flores 0-0: Called Strike
0-1: Ball
1-1: Ball
2-1: Ball
3-1: Foul Ball, location: 23F
3-2: Strikes out swinging
Batting: RHB Matt Marples 0-0: Ball
1-0: SINGLE (Groundball, 34D, EV 94.4 MPH)
Guillermo Rodríguez to second
Runner from 2nd tries for 3rd, SAFE, throw by RF made to third
Batting: RHB Wayne Dorsett 0-0: Called Strike
0-1: Foul Ball, location: 2F
0-2: Foul Ball, location: 2F
0-2: SINGLE (Line Drive, 56D, EV 96.9 MPH)
Guillermo Rodríguez scores
Matt Marples to second
Pinch Hitting: RHB Wing Rang 0-0: Foul Ball, location: 23FF
0-1: Ball
1-1: Foul Ball, location: 7LSF
1-2: Ground out 4-3 (Groundball, 4, EV 80.0 MPH)
Top of the 8th over - 1 run, 3 hits, 0 errors, 2 left on base; New York 3 - Seattle 3
BOTTOM OF THE 8TH
Seattle Mariners batting - Pitching for New York Yankees : RHP Tyler Long
Pitching: RHP John Watson
Now in LF: Wing Rang
Now in CF: Dave Welch
Batting: LHB Mike Heethe 0-0: Ground out U3 (Groundball, 13, EV 86.9 MPH)
Batting: LHB Rob Altobelli 0-0: Called Strike
0-1: Foul Ball, location: 2F
0-2: Ball
1-2: Ball
2-2: Ball
3-2: Ground out 4-3 (Groundball, P, EV 85.0 MPH)
Batting: RHB Ralph Irwin 0-0: Called Strike
0-1: Ball
1-1: Ball
2-1: Foul Ball, location: 9LSF
2-2: Ball
3-2: Base on Balls
Batting: SHB Nathan Martin 0-0: Called Strike
0-1: Foul Ball, location: 3FF
0-2: Ball
1-2: Foul Ball, location: 9LDF
1-2: Strikes out swinging
Bottom of the 8th over - 0 runs, 0 hits, 0 errors, 1 left on base; New York 3 - Seattle 3
TOP OF THE 9TH
New York Yankees batting - Pitching for Seattle Mariners : LHP Ed Fowler
Batting: RHB José Costello 0-0: Called Strike
0-1: Ball
1-1: Ball
2-1: Foul Ball, location: 3DF
2-2: Ball
3-2: Base on Balls
Batting: RHB Chris Anderson 0-0: Called Strike
0-1: Swinging Strike
0-2: Strikes out swinging
Batting: SHB Tony Aponte 0-0: Bunted foul
0-1: Bunted foul
0-2: Foul Ball, location: 2F
0-2: Ball
1-2: Foul Ball, location: 9LSF
1-2: Foul Ball, location: 5DF
1-2: SINGLE (Line Drive, 6M, EV 69.4 MPH)
José Costello to second
Pitching: LHP Joel Miller
Batting: RHB José Guillén 0-0: Ball
1-0: Fielders Choice at 2nd, 6-4 (Groundball, 6S, EV 81.9 MPH)
José Costello to third
Batting: LHB Guillermo Rodríguez 0-0: Called Strike
0-1: Ball
1-1: Swinging Strike
1-2: Foul Ball, location: 23F
1-2: Strikes out swinging
Top of the 9th over - 0 runs, 1 hit, 0 errors, 2 left on base; New York 3 - Seattle 3
BOTTOM OF THE 9TH
Seattle Mariners batting - Pitching for New York Yankees : RHP John Watson
Pinch Hitting: LHB Grady Arredondo 0-0: Ball
1-0: Fly out, F9 (Line Drive, 9D, EV 94.4 MPH)
Batting: SHB Pete Williams 0-0: Called Strike
0-1: Called Strike
0-2: Ball
1-2: Ball
2-2: Foul Ball, location: 5FF
2-2: Ground out 4-3 (Groundball, 4, EV 107.5 MPH)
Pinch Hitting: SHB Aaron Trebel 0-0: Ball
1-0: Ball
2-0: Ball
3-0: Called Strike
3-1: SINGLE (Line Drive, 8RS, EV 101.3 MPH)
Batting: LHB Adam O'Kearin 0-0: Called Strike
0-1: Ball
1-1: Ground out 4-3 (Groundball, 34D, EV 101.9 MPH)
Bottom of the 9th over - 0 runs, 1 hit, 0 errors, 1 left on base; New York 3 - Seattle 3
TOP OF THE 10TH
New York Yankees batting - Pitching for Seattle Mariners : LHP Joel Miller
Now at C: José Rivera
Now in RF: Grady Arredondo
Batting: LHB Dave Welch 0-0: Foul Ball, location: 25FF
0-1: Swinging Strike
0-2: Strikes out looking
Batting: RHB Matt Marples 0-0: Ball
1-0: Ball
2-0: Swinging Strike
2-1: Ball
3-1: Foul Ball, location: 2F
3-2: Foul Ball, location: 5F
3-2: Ground out 6-3 (Groundball, 6, EV 101.9 MPH)
Batting: RHB Wayne Dorsett 0-0: Swinging Strike
0-1: Foul Ball, location: 23FF
0-2: Ball
1-2: Strikes out looking
Top of the 10th over - 0 runs, 0 hits, 0 errors, 0 left on base; New York 3 - Seattle 3
BOTTOM OF THE 10TH
Seattle Mariners batting - Pitching for New York Yankees : RHP John Watson
Pitching: LHP Guillermo Rodríguez
Batting: RHB Raúl Contreras 0-0: Called Strike
0-1: Ball
1-1: Called Strike
1-2: Ball
2-2: Foul Ball, location: 3FF
2-2: Ground out 6-3 (Groundball, 6, EV 85.0 MPH)
Batting: LHB Mike Heethe 0-0: Fly out, F3 (Line Drive, 34, EV 98.1 MPH)
Batting: LHB Rob Altobelli 0-0: Swinging Strike
0-1: SINGLE (Line Drive, 3D, EV 99.4 MPH)
Batting: RHB Ralph Irwin 0-0: Ball
1-0: Foul Ball, location: 2F
1-1: Ball
2-1: SINGLE (Line Drive, 9S, EV 104.4 MPH)
Rob Altobelli to second
Runner from 2nd tries for 3rd, SAFE, no throw by RF
Batting: SHB Nathan Martin 0-0: Ball
1-0: Foul Ball, location: 9LSF
Pickoff Throw to First - Error! E1
Rob Altobelli scores
Bottom of the 10th over - 1 run, 2 hits, 1 error, 1 left on base; New York 3 - Seattle 4
Wednesday, April 17th , 2024 - OOTP Baseball 24.10 Build 82